 Dungeon Crawl Stone Soup version 0.30-a0-782-ge64f9170bb (webtiles) character file.

Game seed: 12896066044119361073

794 Leeroy the Carver (level 7, -6/52 HPs)
             Began as a Merfolk Monk on Mar 4, 2023.
             Succumbed to a gnoll sergeant's poison
             ... on level 4 of the Dungeon.
             The game lasted 00:09:55 (5017 turns).

Leeroy the Carver (Merfolk Monk)                    Turns: 5017, Time: 00:09:56

Health: -6/52      AC:  6    Str: 11    XL:     7   Next: 89%
Magic:  7/7        EV: 17    Int:  9    God:
Gold:   214        SH:  0    Dex: 21    Spells: 3/6 levels left

rFire   . . .      SeeInvis .    x - +0 scimitar (freeze)
rCold   . . .      Faith    .    (no shield)
rNeg    . . .      Spirit   .    c - +1 leather armour "Wuih" {Dex+2}
rPois   .          Reflect  .    d - +0 helmet
rElec   .          Harm     .    (no cloak)
rCorr   .          Rampage  .    (no gloves)
Will    .....                    t - +0 pair of boots
Stlth   ++                       e - amulet of regeneration
HPRegen 1.08/turn                z - ring of wizardry
MPRegen 0.10/turn                (no ring)

@: mighty, brilliant, lethally poisoned (-6 -> -31), flying
A: (nimble swimmer 2), mertail
a: no special abilities


You were on level 4 of the Dungeon.
You visited 1 branch of the dungeon, and saw 5 of its levels.

You collected 214 gold pieces.

Inventory:

Hand Weapons
 a - a +0 falchion
 o - the +5 mace of Light {holy, rC- Str+7 Dex+2 Stlth-}
   (You found it on level 3 of the Dungeon)

   Str:       It affects your strength (+7).
   Dex:       It affects your dexterity (+2).
   rC:        It makes you vulnerable to cold.
   Stlth:     It makes you less stealthy.
 s - a +0 short sword of flaming
 x - a +0 scimitar of freezing (weapon)
Armour
 b - a +0 robe
 c - the +1 leather armour "Wuih" (worn) {Dex+2}
   (You took it off a hobgoblin on level 3 of the Dungeon)

   Dex:       It affects your dexterity (+2).
 d - a +0 helmet (worn)
 t - a +0 pair of boots (worn)
Jewellery
 e - an amulet of regeneration (around neck)
 z - a ring of wizardry (left hand)
Wands
 q - a wand of roots (4)
Scrolls
 f - 3 scrolls of immolation
 h - a scroll of enchant weapon {unknown}
 j - a scroll of fear {unknown}
 k - a scroll of brand weapon
 m - a scroll of identify {unknown}
 r - a scroll of teleportation {unknown}
 w - a scroll of noise {unknown}
 y - a scroll of vulnerability {unknown}
Potions
 l - a potion of brilliance
 n - a potion of flight
 v - a potion of curing {unknown}


   Skills:
 - Level 3.2 Fighting
 - Level 8.3 Long Blades
 + Level 7.9 Dodging
 - Level 2.1 Stealth
 - Level 3.0 Transmutations


You had 3 spell levels left.
You knew the following spells:

 Your Spells              Type           Power      Damage    Failure   Level
a - Wereblood             Tmut           8%         N/A       10%         2
b - Beastly Appendage     Tmut           16%        N/A       6%          1

Your spell library contained the following spells:

 Spells                   Type           Power      Damage    Failure   Level
 Spider Form              Tmut/Pois      4%         N/A       32%         3
 Frozen Ramparts          Ice            0%         1d1       52%         3
 Ice Form                 Ice/Tmut       4%         N/A       71%         4
 Summon Ice Beast         Ice/Summ       0%         N/A       88%         4


Dungeon Overview and Level Annotations

Branches:
Dungeon (5/15)             Temple (0/1) D:5

Altars:
Cheibriados
Dithmenos
Fedhas
Gozag
Vehumet

Shops:
D:3 *

Annotations:
D:4 Edmund
D:5 Dowan, Duvessa


Innate Abilities, Weirdness & Mutations

((You are very nimble when in or above water. (Stealth+, EV+, Speed+++)))
Your lower body shifts to a powerful aquatic tail in water.


Message History

Okay, then.
You are confused.
You feel invigorated.
You feel very sick. The gnoll hits you with a +0 whip.
The gnoll sergeant hits you with a +4 trident of venom!
* * * LOW HITPOINT WARNING * * *
You are lethally poisoned!
It was a potion of flight.
You feel very buoyant.
You fly up into the air.
* * * LOW HITPOINT WARNING * * *
You feel extremely sick. The gnoll completely misses you.
The gnoll sergeant closely misses you.
It was a potion of brilliance.
You feel clever all of a sudden.
* * * LOW HITPOINT WARNING * * *
You feel very sick. The gnoll hits you with a +0 whip.
* * * LOW HITPOINT WARNING * * *
The gnoll sergeant hits you with a +4 trident of venom.
* * * LOW HITPOINT WARNING * * *
You are more poisoned.
It was a potion of heal wounds.
You feel much better.
You feel less invigorated.
You feel less confused.
You feel extremely sick. The gnoll closely misses you.
The gnoll sergeant hits you with a +4 trident of venom!
* * * LOW HITPOINT WARNING * * *
You are more poisoned.
It was a potion of magic.
Magic courses through your body.
* * * LOW HITPOINT WARNING * * *
You feel extremely sick. The gnoll hits you with a +0 whip.
* * * LOW HITPOINT WARNING * * *
The gnoll sergeant closely misses you.
It was a potion of might.
You feel very mighty all of a sudden.
You die...

.# #.# #..##### .# #.#
##......# .#
#.######.#.###.# .#
#.......##.# #.# .#
########.#.###.# .#
##......# .#
#####....#.### .#
#.....g)g#...# .#
#.###..@####.## #### #.#
##.## #..##
...#######.####.# ##..##
##............#.# #...##
#########.##.#.#
###.#..##### #.##.#.#
#...#......#
##.##.#.####.###.####.#
#.....................#
##.################...(#


You could see a gnoll sergeant and a gnoll.

Vanquished Creatures
  Sigmund (D:4)
  A phantom (D:4)
  A necrophage (D:4)
  A jelly (D:4)
  3 hounds
  An orc priest (D:3)
  Jessica (D:3)
  Natasha (thrice) (D:3)
  An iguana (D:4)
  An orc wizard (D:5)
  A gnoll (D:4)
  9 adders
  2 ufetubi (D:4)
  2 dart slugs (D:1)
  17 orcs
  11 ball pythons
  An endoplasm (D:3)
  2 giant cockroaches
  2 goblins
  5 hobgoblins
  4 jackals (D:1)
  5 kobolds
  4 quokkas
  4 bats
  5 frilled lizards (D:2)
  A rat (D:1)
89 creatures vanquished.

Vanquished Creatures (others)
  10 fungi (D:4)
  21 plants (D:4)
31 creatures vanquished.

Grand Total: 120 creatures vanquished

Notes
Turn   | Place    | Note
-------+----------+-------------------------------------------
     0 | D:1      | Leeroy the Merfolk Monk began the quest for the Orb.
     0 | D:1      | Reached XP level 1. HP: 18/18 MP: 1/1
    36 | D:1      | Reached skill level 4 in Long Blades
   192 | D:1      | Reached XP level 2. HP: 18/24 MP: 2/2
   355 | D:1      | Found a faded altar of an unknown god.
   870 | D:2      | Reached XP level 3. HP: 29/29 MP: 3/3
   886 | D:2      | Reached skill level 5 in Long Blades
  1918 | D:3      | Identified the +5 mace of Light {holy, rC- Str+7 Dex+2
                  | Stlth-}
  1956 | D:3      | Reached XP level 4. HP: 35/35 MP: 4/4
  2038 | D:3      | Noticed Jessica
  2045 | D:3      | Reached skill level 6 in Long Blades
  2048 | D:3      | Killed Jessica
  2085 | D:3      | Noticed Natasha
  2104 | D:3      | Killed Natasha
  2105 | D:3      | Reached XP level 5. HP: 20/41 MP: 5/5
  2243 | D:3      | Reached skill level 7 in Long Blades
  2260 | D:3      | Noticed Natasha
  2263 | D:3      | Identified the +1 leather armour "Wuih" {Dex+2}
  2271 | D:3      | Killed Natasha
  2317 | D:3      | Found Rathridu's General Store.
  2459 | D:3      | Noticed Natasha
  2557 | D:3      | Found a snail-covered altar of Cheibriados.
  2564 | D:3      | Found a radiant altar of Vehumet.
  2571 | D:3      | Found a shadowy altar of Dithmenos.
  2706 | D:3      | Killed Natasha
  2707 | D:3      | Reached XP level 6. HP: 45/47 MP: 6/6
  2770 | D:3      | Reached skill level 8 in Long Blades
  3253 | D:4      | Found a blossoming altar of Fedhas.
  3336 | D:4      | Learned a level 2 spell: Wereblood
  3338 | D:4      | Learned a level 1 spell: Beastly Appendage
  3430 | D:4      | Reached skill level 1 in Transmutations
  3509 | D:4      | Noticed Edmund
  3522 | D:4      | HP: 1/39 [Edmund/+0 flail of draining (2)]
  3530 | D:4      | Noticed Sigmund
  3563 | D:5      | Entered Level 5 of the Dungeon
  3667 | D:5      | Found a staircase to the Ecumenical Temple.
  3667 | D:5      | Noticed Dowan
  3668 | D:5      | Noticed Duvessa
  3697 | D:4      | Reached XP level 7. HP: 23/43 MP: 7/7
  3854 | D:4      | Reached skill level 5 in Dodging
  4482 | D:4      | Found an opulent altar of Gozag.
  4700 | D:4      | Killed Sigmund
  5016 | D:4      | HP: 1/52 [gnoll/+0 whip[a gnoll sergeant] (4)]
  5017 | D:4      | Succumbed to a gnoll sergeant's poison

Illustrated notes

Levels and vault maps discovered:
D:1:      moated_graveyard_arrival, layout_basic,
          hellmonk_ecumenical_altar_blasted, hangedman_decor_growths,
          minmay_misc_feat_doors
D:2:      layout_loops_corners
D:3:      layout_basic, gammafunk_temple_overflow_forgotten, serial_shops, shop,
          uniq_jessica, uniq_natasha
D:4:      layout_loops_ring, mainiacjoe_overflow_alcove_1, tgw_fedhas,
          sigmund_edmund_badplayer
D:5:      layout_cave_pools, mainiacjoe_overflow_concentric_impassable,
          temple_green, chequers_serial_rivers_micro_c, uniq_duvessa

Skill      XL: |  1  2  3  4  5  6  7 |
---------------+----------------------+-----
Long Blades    | 4 5 6 7 8 |  8.3
Transmutations | 2 3 |  3.0
Dodging        | 7 |  7.9
Fighting       | |  3.2
Stealth        | |  2.1

Action                     |  1- 3 |  4- 6 |  7- 9 || total
---------------------------+-------+-------+-------++-------
  Melee: Falchion          |    90 |   146 |       ||   236
         Punch             |     2 |     1 |     1 ||     4
         Scimitar          |       |    16 |    50 ||    66
  Evoke: Wand              |       |     1 |     1 ||     2
    Use: Potion            |       |     2 |     7 ||     9
         Scroll            |       |     1 |     2 ||     3
   Stab: Sleeping          |     4 |     5 |     1 ||    10
 Armour: Robe              |    14 |     3 |       ||    17
         Leather armour    |       |    40 |    42 ||    82
  Dodge: Dodged            |    90 |   130 |   119 ||   339

Table legend: (Time is in decaauts)
 A = Elapsed time spent in this place.
 B = Non-inter-level travel time spent in this place.
 C = Inter-level travel time spent in this place.
 D = Time resting spent in this place.
 E = Time spent auto-exploring this place.
 F = Levels seen in this place.
 G = Mean time per level.
                   A        B        C        D        E       F      G
               +--------+--------+--------+--------+--------+-----+--------+
         Total |   5015 |   4738 |    277 |   1141 |   2527 |   5 | 1003.0 |
       Dungeon |   5015 |   4738 |    277 |   1141 |   2527 |   5 | 1003.0 |
               +--------+--------+--------+--------+--------+-----+--------+

Top non-repeatable levels by time:
     D:3: 1493 daAuts
     D:4: 1347 daAuts
     D:2: 1113 daAuts
     D:1: 775 daAuts
     D:5: 286 daAuts
